[Event "Early Titled Tuesday Blitz | February 8 2022"]
[White "Dobrov, Vladimir"]
[Black "Dronavalli, Harika"]
[WhiteFideId "4136594"]
[BlackFideId "5015197"]
[WhiteElo "2614"]
[BlackElo "2382"]
[Result "1-0"]
[Round "10"]
[TimeControl "180+1"]
[Date "2022.02.08"]
[WhiteClock "0:00:31"]
[BlackClock "0:00:16"]

1. d4 Nf6 2. c4 c5 3. d5 e6 4. Nc3 exd5 5. cxd5 d6 6. Nf3 g6 7. Bf4 a6 8. e4 b5 9. Qe2 Be7 10. Qc2 O-O 11. a4 b4 12. Nd1 Re8 13. Bd3 Nbd7 14. h3 Bf8 15. O-O a5 16. Ne3 Ba6 17. Bxa6 Rxa6 18. Nd2 Nh5 19. Bh2 Bh6 20. Rae1 Bf4 21. Nec4 Bxh2+ 22. Kxh2 Qf6 23. g3 Qd8 24. f4 Nhf6 25. Qd3 Qa8 26. g4 h5 27. g5 Nh7 28. h4 Nhf8 29. e5 dxe5 30. fxe5 Nb6 31. Nxb6 Rxb6 32. Nc4 Ra6 33. b3 Ra7 34. Qf3 Qd8 35. Rd1 Rd7 36. Rfe1 Qb8 37. Kg2 Red8 38. Nxa5 Qc8 39. Nc4 Qa8 40. Nb6 Qb7 41. Nxd7 Qxd7 42. e6 fxe6 43. dxe6 1-0


[Site "https://www.chess.com"]

[Event "Early Titled Tuesday Blitz | February 8 2022"]
[White "Erigaisi Arjun"]
[Black "Grandelius, Nils"]
[WhiteFideId "35009192"]
[BlackFideId "1710400"]
[WhiteElo "2745"]
[BlackElo "2617"]
[Result "1/2-1/2"]
[Round "10"]
[TimeControl "180+1"]
[Date "2022.02.08"]
[WhiteClock "0:00:07"]
[BlackClock "0:00:07"]

1. Nf3 d5 2. c4 e6 3. g3 dxc4 4. Bg2 a6 5. a4 Nc6 6. O-O e5 7. Nc3 Nf6 8. b3 cxb3 9. Qxb3 Bd6 10. d3 h6 11. Be3 O-O 12. Rfc1 Be6 13. Qb2 Rb8 14. Nd2 Nd4 15. Bxd4 exd4 16. Nce4 Nxe4 17. Nxe4 Be7 18. a5 Bf5 19. Ra4 Bxe4 20. Bxe4 c5 21. Rb1 Bd6 22. Qc2 Qc7 23. Rb6 Rfe8 24. Qb3 Re7 25. Bf3 Qd8 26. Ra2 Bc7 27. Rxb7 Rxb7 28. Bxb7 Qb8 29. Bd5 Qd8 30. Qc4 Bxa5 31. Bf3 Qb6 32. Qa4 Bc3 33. Qxa6 Qxa6 34. Rxa6 g6 35. Rc6 Bb4 36. g4 Kg7 37. Kg2 Re6 38. Rc7 Re5 39. h4 Ba5 40. Ra7 Bd8 41. Kg3 Bf6 42. Rd7 Be7 43. Be4 Re6 44. Kf3 Bxh4 45. Kg2 Re7 46. Rxe7 Bxe7 47. Bd5 Bd6 48. Kf3 f5 49. gxf5 gxf5 50. Be6 Kf6 51. Bd7 Kg5 52. Be8 h5 53. Kg2 h4 54. Kh3 Bf4 55. Bd7 Bd2 56. Bc8 Be1 57. f3 Kf4 58. Bd7 Bg3 59. Bc8 Be1 60. Bd7 Ke3 61. Bxf5 Kxe2 62. Be4 Bg3 63. Kg4 Ke3 64. Bg6 c4 65. dxc4 d3 66. c5 d2 67. Bc2 Kd4 68. c6 Kc5 69. Ba4 Kd6 70. f4 Bxf4 71. Kxf4 h3 72. Kg3 d1=Q 73. Bxd1 Kxc6 74. Kh2 Kc5 75. Kxh3 1/2-1/2


[Site "https://www.chess.com"]

[Event "Early Titled Tuesday Blitz | February 8 2022"]
[White "Eynullayev, Altay"]
[Black "Pinheiro, Iung Alicio de O."]
[WhiteFideId "13413562"]
[BlackFideId "2104350"]
[WhiteElo "2079"]
[BlackElo "2601"]
[Result "0-1"]
[Round "10"]
[TimeControl "180+1"]
[Date "2022.02.08"]
[WhiteClock "0:00:21"]
[BlackClock "0:00:20"]

1. e4 c6 2. d4 d5 3. e5 Bf5 4. Nf3 e6 5. Be2 Nd7 6. O-O h6 7. Nbd2 Ne7 8. Nb3 Bh7 9. a4 Ng6 10. a5 a6 11. c4 Be7 12. Be3 O-O 13. g3 f6 14. exf6 Rxf6 15. Re1 Bd6 16. Bf1 Qf8 17. Bg2 Qf7 18. h4 Rf8 19. h5 Ne7 20. Nc5 Bxc5 21. dxc5 Rxf3 22. Bxf3 Qxf3 23. Qxf3 Rxf3 24. Rad1 Be4 25. Bf4 Nf6 26. Bd6 Nf5 27. Be5 Ng4 28. Bd4 e5 29. cxd5 cxd5 30. Bc3 Rxf2 31. Rxe4 dxe4 32. Rd7 Nxg3 33. Rd2 Ne2+ 34. Rxe2 Rxe2 0-1


[Site "https://www.chess.com"]

[Event "Early Titled Tuesday Blitz | February 8 2022"]
[White "Ezat, Mohamed"]
[Black "Vusatiuk, Vladimir"]
[WhiteFideId "10600906"]
[BlackFideId "14118610"]
[WhiteElo "2386"]
[BlackElo "2157"]
[Result "1-0"]
[Round "10"]
[TimeControl "180+1"]
[Date "2022.02.08"]
[WhiteClock "0:01:00"]
[BlackClock "0:00:02"]

1. d4 e5 2. dxe5 Bc5 3. Nf3 d6 4. e4 Nc6 5. Bb5 Ne7 6. exd6 cxd6 7. O-O Bg4 8. h3 Bh5 9. Bg5 O-O 10. Bxc6 bxc6 11. Nbd2 h6 12. Bh4 g5 13. Bg3 f5 14. Qe2 f4 15. Bh2 Ng6 16. Qd3 Rb8 17. e5 Nxe5 18. Nxe5 dxe5 19. Qc4+ Qd5 20. Rfe1 Rfe8 21. g4 Bf7 22. Qe2 Rxb2 23. Ne4 Kg7 24. h4 Be7 25. hxg5 hxg5 26. Rad1 Qxa2 27. Rd7 Rxc2 28. Qd1 Be6 29. Rxe7+ Rxe7 30. Qd6 Rd7 31. Qxe5+ Kf8 32. Nxg5 Qd5 33. Nxe6+ Ke7 34. Qg7+ Kd6 35. Bxf4+ 1-0


[Site "https://www.chess.com"]

[Event "Early Titled Tuesday Blitz | February 8 2022"]
[White "FGHSMN"]
[Black "Khripachenko, Alexander"]
[BlackFideId "54184975"]
[WhiteElo "2771"]
[BlackElo "2177"]
[Result "1-0"]
[Round "10"]
[TimeControl "180+1"]
[Date "2022.02.08"]
[WhiteClock "0:01:12"]
[BlackClock "0:00:16"]

1. b3 d5 2. Bb2 Bg4 3. f3 Bh5 4. h4 Qd6 5. d4 Qg3+ 6. Kd2 Nc6 7. e3 e5 8. Ne2 Qf2 9. Qe1 Qxe1+ 10. Kxe1 exd4 11. Nxd4 Nxd4 12. Bxd4 Bg6 13. Kd2 h6 14. Nc3 c6 15. h5 Bh7 16. a4 Ne7 17. g4 Nc8 18. a5 Nd6 19. Na4 f5 20. gxf5 Nxf5 21. Be5 Bb4+ 22. c3 Bxa5 23. Bd3 O-O 24. Rhg1 Rae8 25. f4 Rf7 26. e4 dxe4 27. Bc4 Rd8+ 28. Ke2 Kf8 29. Bxf7 Kxf7 30. b4 Bb6 31. Nxb6 axb6 32. Ra7 Rd7 33. Ra8 g6 34. Rh8 1-0


[Site "https://www.chess.com"]

[Event "Early Titled Tuesday Blitz | February 8 2022"]
[White "Fajdetic, Hrvoje"]
[Black "Loy, Konstantin"]
[WhiteFideId "14501945"]
[BlackFideId "14122499"]
[WhiteElo "2140"]
[BlackElo "2084"]
[Result "1/2-1/2"]
[Round "10"]
[TimeControl "180+1"]
[Date "2022.02.08"]
[WhiteClock "0:00:10"]
[BlackClock "0:00:07"]

1. d4 Nf6 2. Bf4 g6 3. Nc3 d5 4. e3 c6 5. Qd2 Bg7 6. h4 h5 7. f3 Bf5 8. O-O-O Nbd7 9. Nh3 Qa5 10. Kb1 Bxh3 11. Rxh3 O-O-O 12. Nb5 Qb6 13. Bc7 Qxc7 14. Nxc7 Kxc7 15. c4 e6 16. Rc1 Kb8 17. c5 Bh6 18. f4 Ne4 19. Qc2 f5 20. Bd3 Ndf6 21. Rhh1 Rh7 22. b4 a6 23. Ka1 Kc8 24. a4 Kd7 25. Kb2 Ke8 26. b5 axb5 27. axb5 Rc7 28. Ra1 Bf8 29. b6 Rcc8 30. Ra7 Rb8 31. Rha1 Be7 32. R1a5 Ng4 33. Bxe4 dxe4 34. Qb3 Kf7 35. Kc2 Bxh4 36. Rxb7+ Rxb7 37. Ra7 Rdd7 38. Rxb7 Rxb7 39. Qa4 Nxe3+ 40. Kc1 Nd5 41. Qxc6 Rb8 42. b7 Bd8 43. Qd7+ Kf6 44. c6 Bc7 45. Kd2 h4 46. Qh7 Rd8 47. Qxh4+ Kf7 48. Qxd8 Bxd8 49. b8=Q Bc7 50. Qb7 Kf6 51. g3 g5 52. Kc2 gxf4 53. gxf4 Bxf4 54. Qc8 Bc7 55. Qh8+ Kg5 56. Kb3 f4 57. Kc4 e3 58. Qg7+ Kf5 59. Qg8 f3 60. Qf7+ Ke4 61. Qxe6+ Kf4 62. Kxd5 e2 63. Qf7+ Kg3 64. Qxc7+ Kf2 65. Qe5 e1=Q 66. Qxe1+ Kxe1 67. c7 f2 68. c8=Q f1=Q 69. Qe6+ Kd2 70. Qe4 Qb5+ 71. Ke6 Qb6+ 72. Ke5 Qc7+ 73. Kf5 Qh7+ 74. Ke5 Qe7+ 75. Kd5 Qb7+ 76. Ke5 Qe7+ 77. Kf4 Qh4+ 78. Ke5 Qe7+ 1/2-1/2


[Site "https://www.chess.com"]

[Event "Early Titled Tuesday Blitz | February 8 2022"]
[White "Farmani Anosheh, Armin"]
[Black "Stefanov, Plamen"]
[WhiteFideId "24613240"]
[BlackFideId "2900980"]
[WhiteElo "2289"]
[BlackElo "2137"]
[Result "1-0"]
[Round "10"]
[TimeControl "180+1"]
[Date "2022.02.08"]
[WhiteClock "0:00:19"]
[BlackClock "0:00:09"]

1. d4 d5 2. c4 c6 3. Nf3 e6 4. Qc2 Nf6 5. g3 Be7 6. Bg2 O-O 7. O-O Ne4 8. Nbd2 f5 9. Ne1 Nd7 10. Ndf3 b6 11. Nd3 Ba6 12. b3 Rc8 13. Bb2 h6 14. Rac1 g5 15. e3 Qe8 16. Rfd1 Qh5 17. Nfe5 Ndf6 18. f3 Nd6 19. c5 Nf7 20. cxb6 axb6 21. Nxc6 Bd6 22. Qd2 g4 23. f4 Ne4 24. Bxe4 fxe4 25. Nde5 Nxe5 26. fxe5 Bc7 27. Ne7+ Kh7 28. Nxc8 Rxc8 29. Rc2 Bd8 30. Rxc8 Bxc8 31. Rf1 Bg5 32. Qf2 Kg7 33. Qf8+ Kh7 34. Rf7+ Qxf7 35. Qxf7+ Kh8 36. Qf8+ Kh7 37. Qxc8 Bxe3+ 38. Kg2 Bd2 39. Bc3 e3 40. Bxd2 exd2 41. Qc2+ Kg7 42. Qxd2 Kf7 43. Qb4 Kg6 44. Qxb6 Kf5 45. a4 Ke4 46. a5 Ke3 47. a6 Ke2 48. a7 Ke1 49. a8=Q Kd2 50. Qc5 Ke3 51. Qaa5 h5 52. Qe1+ Kd3 53. Qcc3# 1-0


[Site "https://www.chess.com"]

[Event "Early Titled Tuesday Blitz | February 8 2022"]
[White "Fernandez, Michael"]
[Black "Jaivardhan Raj"]
[WhiteFideId "5803560"]
[BlackFideId "25744437"]
[WhiteElo "2110"]
[BlackElo "1375"]
[Result "0-1"]
[Round "10"]
[TimeControl "180+1"]
[Date "2022.02.08"]
[WhiteClock "0:00:24"]
[BlackClock "0:00:01"]

1. b4 e5 2. Bb2 Bxb4 3. Bxe5 Nf6 4. e3 Nc6 5. Bb2 O-O 6. Nf3 d5 7. c4 Re8 8. cxd5 Nxd5 9. Be2 Rxe3 10. fxe3 Nxe3 11. Qb3 Qe7 12. Nc3 Nxg2+ 13. Kd1 Nf4 14. Re1 Bg4 15. Nd5 Nxd5 16. Qxd5 Rd8 17. Qg5 Qxg5 18. Nxg5 Rxd2+ 19. Kc1 Rxe2 20. Rxe2 Bxe2 21. Ne4 Bd3 22. Nf2 Bf5 23. a4 Bc5 24. Nd1 Nb4 25. Kd2 Nd5 26. Rc1 Bd6 27. Ke1 Bxh2 28. a5 h5 29. Rc5 Bg3+ 30. Kf1 c6 31. a6 b6 32. Rxc6 h4 33. Nf2 h3 34. Bd4 h2 35. Kg2 Bb8 36. Rc1 Nf4+ 37. Kh1 Nd3 38. Nxd3 Be4# 0-1


[Site "https://www.chess.com"]

[Event "Early Titled Tuesday Blitz | February 8 2022"]
[White "Goldin, Roman"]
[Black "Dzhaparov, Medet"]
[WhiteFideId "2803860"]
[BlackFideId "13803689"]
[WhiteElo "2312"]
[BlackElo "1702"]
[Result "1-0"]
[Round "10"]
[TimeControl "180+1"]
[Date "2022.02.08"]
[WhiteClock "0:01:12"]
[BlackClock "0:01:35"]

1. e4 e5 2. Nf3 Nc6 3. Nc3 Bc5 4. Nxe5 Nxe5 5. d4 Bd6 6. dxe5 Bxe5 7. f4 Bxc3+ 8. bxc3 d6 9. Bd3 Nf6 10. O-O Bg4 11. Qe1 c5 12. c4 O-O 13. Bb2 Bd7 14. Qg3 Kh8 15. Rad1 a6 16. f5 b5 17. Qxd6 bxc4 18. Bxc4 Bb5 19. Qxc5 Nxe4 20. Rxd8 Nxc5 21. Rxf8+ Rxf8 22. Bxb5 axb5 23. f6 gxf6 24. Rxf6 Kg8 25. Rf5 Ne6 26. Rxb5 Rc8 27. c3 Rd8 28. h3 Rd1+ 29. Kh2 Rd2 30. Rb8+ Kg7 31. c4+ Kg6 32. a4 Nf4 33. Rg8+ Kf5 34. Bc1 Rc2 35. Bxf4 Kxf4 36. Rg7 f5 37. Rxh7 Rxc4 38. Rh4+ 1-0


[Site "https://www.chess.com"]

[Event "Early Titled Tuesday Blitz | February 8 2022"]
[White "Golubka, Petro"]
[Black "Domingo Nunez, Alejandro"]
[WhiteFideId "14114224"]
[BlackFideId "22245561"]
[WhiteElo "2392"]
[BlackElo "2215"]
[Result "1-0"]
[Round "10"]
[TimeControl "180+1"]
[Date "2022.02.08"]
[WhiteClock "0:00:32"]
[BlackClock "0:00:31"]

1. c3 g6 2. d4 Bg7 3. h4 h5 4. Bg5 Nh6 5. e4 c6 6. Nd2 d5 7. Qc2 dxe4 8. Nxe4 Bf5 9. O-O-O O-O 10. f3 Qc7 11. Bc4 b5 12. Bd3 Nd7 13. Ne2 Rfe8 14. N2g3 Be6 15. Kb1 f5 16. Rhe1 fxe4 17. Nxe4 Bf5 18. g4 hxg4 19. fxg4 Nxg4 20. h5 gxh5 21. Nc5 Bxd3 22. Nxd3 Nb6 23. Nf4 e5 24. Nxh5 Qf7 25. Nxg7 Kxg7 26. Rg1 Qg6 27. Rxg4 Qxc2+ 28. Kxc2 exd4 29. Rf1 Re6 30. Bd8+ Rg6 31. Bf6+ Kh7 32. Rh1+ Rh6 33. Rg7+ Kh8 34. Rxh6# 1-0


[Site "https://www.chess.com"]

[Event "Early Titled Tuesday Blitz | February 8 2022"]
[White "Gontcharov, Vladislav"]
[Black "Dahanayake, Isara Banidu"]
[WhiteFideId "4123492"]
[BlackFideId "9932631"]
[WhiteElo "2503"]
[BlackElo "1394"]
[Result "1/2-1/2"]
[Round "10"]
[TimeControl "180+1"]
[Date "2022.02.08"]
[WhiteClock "0:00:09"]
[BlackClock "0:00:07"]

1. e4 c5 2. Nf3 d6 3. d4 cxd4 4. Qxd4 Nc6 5. Bb5 Bd7 6. Bxc6 Bxc6 7. Nc3 Nf6 8. Bg5 e6 9. O-O-O Be7 10. Kb1 O-O 11. Rhe1 Qa5 12. Qd2 Rac8 13. Nd5 Qd8 14. Nxe7+ Qxe7 15. Bxf6 Qxf6 16. Qxd6 Rfd8 17. Qb4 h6 18. a3 a5 19. Rxd8+ Qxd8 20. Qd4 Qc7 21. Rd1 b5 22. Ne5 Be8 23. Rd2 f6 24. Nf3 Bg6 25. g3 e5 26. Qd5+ Bf7 27. Qxb5 Rb8 28. Qd7 Qb6 29. c3 Qb3 30. Kc1 Qa2 31. Qd3 Bh5 32. Qd5+ Qxd5 33. exd5 Bxf3 34. d6 Rd8 35. c4 e4 36. b4 axb4 37. axb4 Kf7 38. c5 Ke6 39. Kc2 f5 40. Kc3 g5 41. Kc4 f4 42. Kd4 fxg3 43. fxg3 h5 44. Rb2 h4 45. Ke3 hxg3 46. hxg3 Kd5 47. Rd2+ Kc4 48. Rd4+ Kb5 49. Rd2 Kc6 50. Rh2 Kb5 51. Rh7 Kxb4 52. c6 Rxd6 53. Rb7+ Kc5 54. c7 Rc6 55. g4 Kd6 56. Rb5 Rxc7 57. Rxg5 Rc3+ 58. Kf2 Rc2+ 59. Ke3 Re2+ 60. Kd4 e3 61. Rg6+ Ke7 62. g5 Bh5 63. Rh6 Rh2 64. Kxe3 Rh3+ 65. Kf4 Bg4 66. Rxh3 Bxh3 67. g6 Be6 68. g7 Kf7 69. g8=Q+ Kxg8 1/2-1/2


[Site "https://www.chess.com"]

[Event "Early Titled Tuesday Blitz | February 8 2022"]
[White "Gracia Alvarez, Gerardo Antonio"]
[Black "Hoffmann, Asa"]
[WhiteFideId "5109124"]
[BlackFideId "2001470"]
[WhiteElo "2139"]
[BlackElo "2117"]
[Result "0-1"]
[Round "10"]
[TimeControl "180+1"]
[Date "2022.02.08"]
[WhiteClock "0:01:12"]
[BlackClock "0:01:33"]

1. e4 d6 2. d4 c6 3. Nc3 a6 4. f4 d5 5. e5 h5 6. Bd3 g6 7. h3 Nh6 8. Nf3 Bf5 9. O-O e6 10. Ne2 c5 11. c3 Nc6 12. Be3 Bxd3 13. Qxd3 Nf5 14. Bf2 Qb6 15. Rab1 cxd4 16. cxd4 Be7 17. a3 Qb5 18. Qxb5 axb5 19. g4 hxg4 20. hxg4 Nh6 21. Nh2 b4 22. axb4 Nxb4 23. Ra1 Kd7 24. Rfd1 Rxa1 25. Rxa1 Nd3 26. Ra7 Kc7 27. b3 Kb6 28. Ra2 Rc8 29. Rd2 Nc1 30. Kf1 Bb4 31. Rd1 Nxb3 32. Rb1 0-1


[Site "https://www.chess.com"]

[Event "Early Titled Tuesday Blitz | February 8 2022"]
[White "Guliyev, Namig"]
[Black "Madaminov, Mukhiddin"]
[WhiteFideId "13400363"]
[BlackFideId "14210703"]
[WhiteElo "2487"]
[BlackElo "1916"]
[Result "1-0"]
[Round "10"]
[TimeControl "180+1"]
[Date "2022.02.08"]
[WhiteClock "0:00:29"]
[BlackClock "0:00:54"]

1. e4 e5 2. Nf3 Nc6 3. Bb5 a6 4. Ba4 Nf6 5. O-O Nxe4 6. d4 b5 7. Bb3 d5 8. dxe5 Be6 9. Nbd2 Be7 10. c3 O-O 11. Bc2 f5 12. exf6 Nxf6 13. Nb3 Qd7 14. Be3 Bg4 15. h3 Bh5 16. Bg5 Rae8 17. Re1 Bxf3 18. gxf3 Qxh3 19. Bxf6 Rxf6 20. Qxd5+ Kf8 21. Re3 Na5 22. f4 Qg4+ 23. Rg3 Qxf4 24. Rg2 Nxb3 25. Bxb3 Rf7 26. Re1 g6 27. Qxf7+ Qxf7 28. Bxf7 Kxf7 29. Rg4 Bd6 30. Rxe8 Kxe8 31. Kg2 Ke7 32. Kf3 Kf6 33. Re4 Be5 34. a4 c5 35. a5 c4 36. Re1 Kf5 37. Rd1 Ke6 38. Rd8 h5 39. Ra8 g5 40. Rxa6+ Kd5 41. Rh6 h4 42. a6 Bb8 43. Rb6 h3 1-0


[Site "https://www.chess.com"]

[Event "Early Titled Tuesday Blitz | February 8 2022"]
[White "Gunina, Valentina"]
[Black "Yeletsky, Ivan"]
[WhiteFideId "4167570"]
[BlackFideId "24180327"]
[WhiteElo "2465"]
[BlackElo "2348"]
[Result "0-1"]
[Round "10"]
[TimeControl "180+1"]
[Date "2022.02.08"]
[WhiteClock "0:01:06"]
[BlackClock "0:00:43"]

1. d4 Nf6 2. c4 Nc6 3. Nf3 e6 4. g3 Bb4+ 5. Bd2 Be7 6. Bg2 O-O 7. O-O d5 8. cxd5 exd5 9. Nc3 Bg4 10. Bf4 Bd6 11. Bg5 Be7 12. Ne5 Be6 13. Nxc6 bxc6 14. Rc1 h6 15. Bf4 Rb8 16. Na4 Qd7 17. b3 Bh3 18. Qc2 Bxg2 19. Kxg2 Ba3 20. Rcd1 Rfe8 21. e3 g5 22. Be5 Nh7 23. f4 f6 24. Qg6+ Qg7 25. Qxg7+ Kxg7 26. Bxc7 Rb7 27. Ba5 Rxe3 28. Rfe1 Rbe7 29. Kf2 gxf4 30. gxf4 R3e4 31. Rxe4 Rxe4 32. Kf3 Bd6 33. Rc1 Rxf4+ 34. Ke2 Rxd4 35. Rxc6 Bxh2 36. Nc5 Ng5 37. Bc3 Rf4 38. Rc7+ Kg6 39. Rxa7 h5 40. b4 h4 41. b5 Bg1 42. Rc7 h3 43. Nd3 Ra4 44. Kf1 h2 45. Kg2 Rxa2+ 46. Kh1 Ne4 47. Be1 Kf5 48. Rh7 Ra3 49. Rh5+ Kg4 50. Rxd5 f5 51. Rd8 f4 52. Rf8 Rxd3 0-1


[Site "https://www.chess.com"]

[Event "Early Titled Tuesday Blitz | February 8 2022"]
[White "Gurevich, Dmitry"]
[Black "Przybylski, Wojciech"]
[WhiteFideId "2000407"]
[BlackFideId "1117599"]
[WhiteElo "2506"]
[BlackElo "2133"]
[Result "1-0"]
[Round "10"]
[TimeControl "180+1"]
[Date "2022.02.08"]
[WhiteClock "0:00:36"]
[BlackClock "0:00:02"]

1. d4 Nf6 2. c4 e6 3. g3 d5 4. Bg2 Bb4+ 5. Nd2 O-O 6. Nf3 Bd6 7. O-O Nbd7 8. b3 a5 9. Bb2 a4 10. Qc2 a3 11. Bc3 c5 12. e4 cxd4 13. Nxd4 dxe4 14. Nb5 Bc5 15. Nxe4 Nxe4 16. Bxe4 f5 17. Bg2 Ra6 18. Rad1 Qe7 19. Qd2 f4 20. b4 f3 21. Bh3 Bb6 22. c5 Bd8 23. Nd6 Rxd6 24. Qxd6 Nf6 25. Qxe7 Bxe7 26. Rfe1 Kf7 27. Re3 g5 28. Rxf3 h5 29. Bf1 g4 30. Rf4 Ke8 31. Bb5+ Kf7 32. Rd3 Kg6 33. Bxf6 Bxf6 34. Rxa3 e5 35. Re4 Bf5 36. Ree3 Rd8 37. Bd3 1-0


[Site "https://www.chess.com"]

[Event "Early Titled Tuesday Blitz | February 8 2022"]
[White "Guseva, Marina"]
[Black "Lakshmi C"]
[WhiteFideId "4149351"]
[BlackFideId "25035347"]
[WhiteElo "2232"]
[BlackElo "1775"]
[Result "1-0"]
[Round "10"]
[TimeControl "180+1"]
[Date "2022.02.08"]
[WhiteClock "0:00:15"]
[BlackClock "0:00:02"]

1. d4 Nf6 2. Nf3 g6 3. g3 Bg7 4. Bg2 d6 5. O-O O-O 6. c4 c5 7. dxc5 dxc5 8. Ne5 Na6 9. Nd3 Qb6 10. Qb3 Nd7 11. Nc3 e5 12. Be3 Rb8 13. Nb5 Nc7 14. a4 Ne6 15. a5 Qa6 16. Qa3 b6 17. Rfd1 Nd4 18. Bxd4 exd4 19. axb6 Qxa3 20. Rxa3 axb6 21. Ra7 Ne5 22. Nxe5 Bxe5 23. b3 Bf5 24. Bd5 Kg7 25. f4 Bf6 26. Kf2 Bc2 27. Rda1 1-0


[Site "https://www.chess.com"]

[Event "Early Titled Tuesday Blitz | February 8 2022"]
[White "Haddouche, Mohamed"]
[Black "Shuvalov, Evgenij"]
[WhiteFideId "7900660"]
[BlackFideId "4187237"]
[WhiteElo "2443"]
[BlackElo "2119"]
[Result "0-1"]
[Round "10"]
[TimeControl "180+1"]
[Date "2022.02.08"]
[WhiteClock "0:00:08"]
[BlackClock "0:00:43"]

1. e4 e6 2. d3 d5 3. Qe2 Nf6 4. Nf3 c5 5. g3 Nc6 6. Bg2 Be7 7. O-O O-O 8. e5 Ne8 9. c4 Nc7 10. Re1 b5 11. Nc3 bxc4 12. dxc4 Ba6 13. b3 Rb8 14. Rd1 h6 15. Bf4 Qc8 16. Qd2 Rd8 17. Bxh6 dxc4 18. Qf4 Nd4 19. Bg5 Nd5 20. Nxd5 Rxd5 21. Bxe7 Ne2+ 22. Kh1 Nxf4 23. gxf4 c3 24. Rdc1 Rd3 25. Ne1 Qd7 26. Bd6 Rxd6 27. exd6 Qxd6 28. Rxc3 Bb7 29. Nd3 Bxg2+ 30. Kxg2 Qd5+ 31. f3 g5 32. fxg5 Qxg5+ 33. Kf2 Qd2+ 0-1


[Site "https://www.chess.com"]

[Event "Early Titled Tuesday Blitz | February 8 2022"]
[White "Hansen, Eric"]
[Black "Kosakowski, Jakub"]
[WhiteFideId "2606771"]
[BlackFideId "1185080"]
[WhiteElo "2568"]
[BlackElo "2476"]
[Result "0-1"]
[Round "10"]
[TimeControl "180+1"]
[Date "2022.02.08"]
[WhiteClock "0:00:03"]
[BlackClock "0:00:09"]

1. Nf3 Nf6 2. g3 g6 3. c4 Bg7 4. Bg2 O-O 5. O-O c5 6. Nc3 d5 7. cxd5 Nxd5 8. d3 Nxc3 9. bxc3 Bxc3 10. Bh6 Bxa1 11. Qxa1 f6 12. Bxf8 Kxf8 13. Rc1 Na6 14. Nd2 Rb8 15. Rc4 b6 16. Rh4 Kg7 17. Ne4 Bf5 18. Ng5 h5 19. Ra4 Nb4 20. Rxa7 Nc2 21. Qb2 Nd4 22. Nf3 Nc6 23. Ra6 Nb4 24. Ra3 Be6 25. d4 Bd5 26. dxc5 bxc5 27. Qc3 Qd6 28. Nd2 Nxa2 29. Qe3 Nb4 30. Bxd5 Nxd5 31. Qd3 Qc6 32. Nc4 Ra8 33. f3 Nb4 34. Qe3 e5 35. Qd2 Rxa3 36. Nxa3 Qa4 37. Nc4 Qa1+ 38. Kg2 Qd4 39. Qc1 Nd5 40. Kh1 h4 41. gxh4 Qxh4 42. Nd6 Nf4 43. Qf1 Nh5 44. Ne8+ Kf7 45. Nd6+ Ke6 46. Ne4 f5 47. Qc1 fxe4 48. Qc4+ Kf6 49. Qxc5 Qe1+ 50. Kg2 Qxe2+ 51. Kg1 Qd1+ 52. Kf2 Qxf3+ 0-1


[Site "https://www.chess.com"]

[Event "Early Titled Tuesday Blitz | February 8 2022"]
[White "Harshavardhan G B"]
[Black "Kanyamarala, Tarun"]
[WhiteFideId "25059009"]
[BlackFideId "45004714"]
[WhiteElo "1831"]
[BlackElo "2144"]
[Result "1-0"]
[Round "10"]
[TimeControl "180+1"]
[Date "2022.02.08"]
[WhiteClock "0:01:01"]
[BlackClock "0:00:08"]

1. e4 c5 2. Nc3 Nc6 3. Nf3 e5 4. Bc4 d6 5. d3 Be7 6. O-O Nf6 7. Ng5 O-O 8. f4 Bg4 9. Qe1 exf4 10. Bxf4 Nd4 11. Qf2 h6 12. Nf3 Nxf3+ 13. gxf3 Be6 14. Bxe6 fxe6 15. Be3 Ng4 16. Qe2 Nxe3 17. Qxe3 Bf6 18. Ne2 Bxb2 19. Rab1 Qf6 20. Kh1 b6 21. f4 Bd4 22. Qg3 Qe7 23. Qg4 Bf6 24. Rg1 Kh8 25. Rg3 Qf7 26. Rbg1 Rac8 27. Qh3 Rc7 28. Rg6 Kh7 29. Qh5 b5 30. R1g3 a5 31. f5 exf5 32. Qxf5 Kh8 33. Nf4 Be5 34. Rxh6+ Kg8 35. Qh7# 1-0


[Site "https://www.chess.com"]

[Event "Early Titled Tuesday Blitz | February 8 2022"]
[White "Haukenfrers, Dale"]
[Black "Schut, Han"]
[WhiteFideId "2603780"]
[BlackFideId "1005561"]
[WhiteElo "1994"]
[BlackElo "2057"]
[Result "1-0"]
[Round "10"]
[TimeControl "180+1"]
[Date "2022.02.08"]
[WhiteClock "0:00:09"]
[BlackClock "0:00:01"]

1. e3 c5 2. a3 d5 3. Nf3 Nc6 4. d4 cxd4 5. Nxd4 e5 6. Nxc6 bxc6 7. Nc3 f5 8. e4 Nf6 9. exd5 cxd5 10. Bb5+ Bd7 11. O-O d4 12. Bxd7+ Qxd7 13. Ne2 Bc5 14. b4 Bb6 15. c4 dxc3 16. Qxd7+ Kxd7 17. Nxc3 Bd4 18. Rd1 Ke6 19. Bb2 Rac8 20. Na4 Bxb2 21. Nxb2 Rc2 22. Nd3 Ne4 23. f3 Nc3 24. Re1 Ne2+ 25. Kf1 Nd4 26. Rxe5+ Kf6 27. Rd5 Nb3 28. Re1 g6 29. h4 Rhc8 30. Rd6+ Kg7 31. h5 Kh6 32. Re2 Rxe2 33. Kxe2 Kxh5 34. Rd7 Kh6 35. Rxa7 Nd4+ 36. Kf2 Rc2+ 37. Ke3 Ne6 38. b5 g5 39. g3 1-0


[Site "https://www.chess.com"]

[Event "Early Titled Tuesday Blitz | February 8 2022"]
[White "Heinemann, Josefine"]
[Black "Warchol, Kamil"]
[WhiteFideId "12900460"]
[BlackFideId "21858241"]
[WhiteElo "2300"]
[BlackElo "1905"]
[Result "1-0"]
[Round "10"]
[TimeControl "180+1"]
[Date "2022.02.08"]
[WhiteClock "0:00:09"]
[BlackClock "0:00:01"]

1. d4 d6 2. c4 e5 3. d5 f5 4. Nc3 Nf6 5. Qc2 g6 6. e4 Bg7 7. Bd3 fxe4 8. Nxe4 Nxe4 9. Bxe4 Nd7 10. Ne2 Nc5 11. Nc3 O-O 12. O-O Nxe4 13. Nxe4 Bf5 14. Be3 b6 15. b4 Qc8 16. f3 Qa6 17. a4 Rac8 18. Rfc1 Rfd8 19. a5 Qb7 20. a6 Qa8 21. Qd3 Rd7 22. Bf2 Rb8 23. Qe2 b5 24. Ng3 Rf7 25. Ra2 bxc4 26. Qxc4 Bd7 27. Qxc7 Rc8 28. Rac2 Rxc7 29. Rxc7 h6 30. Rxa7 Qb8 31. Rac7 Bf5 32. a7 Qa8 33. Nxf5 Rxc7 34. Rxc7 gxf5 35. h4 e4 36. b5 Kh7 37. b6 exf3 38. b7 Qg8 39. b8=Q Qxd5 40. a8=Q 1-0


[Site "https://www.chess.com"]

[Event "Early Titled Tuesday Blitz | February 8 2022"]
[White "Hua, Lefong"]
[Black "Decuigniere, Tom"]
[WhiteFideId "2602253"]
[BlackFideId "26093820"]
[WhiteElo "2557"]
[BlackElo "1997"]
[Result "1-0"]
[Round "10"]
[TimeControl "180+1"]
[Date "2022.02.08"]
[WhiteClock "0:00:36"]
[BlackClock "0:00:03"]

1. d4 Nf6 2. c4 e6 3. Nc3 Bb4 4. f3 d5 5. a3 Bxc3+ 6. bxc3 c5 7. cxd5 Nxd5 8. dxc5 Qa5 9. e4 Nf6 10. Qb3 O-O 11. Bb5 a6 12. Bc4 Qxc5 13. Qb4 Qc7 14. Be3 Nc6 15. Qb6 Qxb6 16. Bxb6 Ne5 17. Be2 Bd7 18. Nh3 Bb5 19. Nf2 Rfc8 20. Bd4 Nc6 21. Rb1 Nxd4 22. cxd4 Bxe2 23. Kxe2 Rc2+ 24. Ke3 Rc3+ 25. Nd3 Rxa3 26. Rxb7 Rc8 27. Rhb1 h6 28. Rb8 Rxb8 29. Rxb8+ Kh7 30. Rb7 Kg8 31. h4 a5 32. g4 g5 33. h5 a4 34. Ra7 Ne8 35. e5 Kg7 36. Ke4 Ra2 37. Nc5 Kf8 38. Rxa4 Rxa4 39. Nxa4 Nc7 40. Nc3 Kg7 41. d5 exd5+ 42. Nxd5 Ne6 43. Ne3 Nc5+ 44. Kd5 Nd3 45. Nf5+ Kh7 46. Kd4 Ne1 47. Ke4 Ng2 48. Nd6 Kg7 49. Ne8+ Kf8 50. Nf6 Nf4 51. Nd5 Ne6 52. f4 gxf4 53. Nxf4 Ng5+ 54. Kf5 Kg7 55. Nd5 Ne6 56. Ne3 Nd4+ 57. Ke4 Ne6 58. Nf5+ Kh7 59. Kd5 Nf4+ 60. Ke4 Ne6 61. Ng3 Ng5+ 62. Kf5 Kg7 63. Ne4 Nf3 64. Kf4 Nd4 65. Nc5 Ne2+ 66. Kf3 Nd4+ 67. Ke4 Ne2 68. Nd3 Nc3+ 69. Kf3 Nd5 70. Nf4 Ne7 71. Ne2 Nc6 72. Ke4 Ne7 73. Nd4 f6 74. Nf5+ Kf7 75. Nxe7 Kxe7 76. Kf5 fxe5 77. Kxe5 Kf7 78. Kf5 Kg7 79. Ke6 Kh7 80. Kf7 1-0


[Site "https://www.chess.com"]